 Dungeon Crawl Stone Soup version 0.27-a0-1046-g98bf31544f (webtiles) character file.

Game seed: 12142229281290065248

79 funkygono the Firebug (level 4, -1/33 HPs)
             Began as a Draconian Fire Elementalist on Apr 20, 2021.
             Succumbed to an adder's poison
             ... on level 3 of the Dungeon.
             The game lasted 00:04:47 (2039 turns).

funkygono the Firebug (Draconian Fire Elementalist) Turns: 2039, Time: 00:04:47

Health: -1/33      AC:  6    Str: 10    XL:     4   Next: 17%
Magic:  2/7        EV: 12    Int: 17    God:
Gold:   89         SH:  0    Dex: 11    Spells: 3/7 levels left

rFire    . . .     SeeInvis .   f - +0 whip
rCold    . . .     Faith    .   (no shield)
rNeg     . . .     Spirit   .   (armour unavailable)
rPois    .         Reflect  .   (helmet restricted)
rElec    .         Harm     .   (no cloak)
rCorr    .         Rampage  .   (no gloves)
Will     .....                  b - +0 pair of boots
Stlth    ++........             (no amulet)
HPRegen  0.11/turn              (no ring)
MPRegen  0.10/turn              (no ring)

@: lethally poisoned (-1 -> -9)
A: AC +5, unfitting armour, cold-blooded
a: no special abilities


You were on level 3 of the Dungeon.
You visited 1 branch of the dungeon, and saw 3 of its levels.

You collected 89 gold pieces.

Inventory:

Hand Weapons
 f - a +0 whip (weapon)
 k - a +1 dagger of speed
Missiles
 a - 30 stones
Armour
 b - a +0 pair of boots (worn)
 h - a +0 buckler
Potions
 d - a potion of lignification {unknown}
 e - a potion of heal wounds {unknown}
 g - a potion of magic {unknown}
 j - a potion of invisibility {unknown}


   Skills:
 + Level 2.3 Dodging
 + Level 2.2 Stealth
 * Level 2.3 Spellcasting
 * Level 1.8 Conjurations
 * Level 3.8 Fire Magic


You had 3 spell levels left.
You knew the following spells:

 Your Spells              Type           Power      Damage    Failure   Level
a - Foxfire               Conj/Fire      44%        2x1d6     6%          1
b - Conjure Flame         Conj/Fire      11%        6-21      17%         3

Your spell library contained the following spells:

 Spells                   Type           Power      Damage    Failure   Level
 Inner Flame              Hex/Fire       8%         N/A       26%         3
 Sticky Flame             Conj/Fire      11%        2d3       50%         4
 Fireball                 Conj/Fire      5%         3d5       85%         5


Dungeon Overview and Level Annotations

Branches:
Dungeon (3/15)

Altars:


Innate Abilities, Weirdness & Mutations

Your plain brown scales are hard. (AC +5)
You cannot fit into any form of body armour.
You are cold-blooded and may be slowed by cold attacks.


Message History

The jackal bites you.
The jackal bites you but does no damage.
The gnoll throws a throwing net.
The throwing net hits you.
You become entangled in the net!
You see here a throwing net.
You struggle against the net.
The jackal barely misses you.
The jackal bites you but does no damage.
You struggle against the net.
The jackal bites you but does no damage.
The jackal barely misses you. The gnoll barely misses you.
The jackal closely misses you.
You struggle against the net.
The jackal completely misses you.
The jackal bites you but does no damage.
An adder comes into view.
The jackal bites you.
The gnoll hits you from afar with a +0 halberd!
You tear a large gash into the net.
The jackal bites you. The jackal barely misses you.
The gnoll hits you with a +0 whip!
* * * LOW HITPOINT WARNING * * *
The gnoll barely misses you. The jackal barely misses you.
Unknown command.
You rip the net and break free!
The jackal bites you but does no damage.
The gnoll hits you but does no damage. The jackal bites you.
* * * LOW HITPOINT WARNING * * *
The gnoll barely misses you.
The jackal bites you but does no damage.
You hit the adder.
The adder is heavily wounded.
The jackal barely misses you. The jackal completely misses you.
The adder bites you.
* * * LOW HITPOINT WARNING * * *
You are lethally poisoned!
The adder poisons you! The gnoll hits you but does no damage.
The jackal bites you but does no damage.
The gnoll hits you from afar with a +0 halberd.
* * * LOW HITPOINT WARNING * * *
The jackal bites you.
* * * LOW HITPOINT WARNING * * *
You die...

.# #. w# #. #.. .# #.
#.. w#. #..# #.#
#..######## #.#
#..........
#.#####...#.<..
#...........#
####.....@S#
####>##....#
#.......hhg####
##.##.##g......#
#....†......##.# #
#..#.........)...
g######..#..S...........
.#...).<.#.#.#.#...#.# #
.#......##[#.#.#...#.#


You could see 2 gnolls, an adder, 2 jackals and a ball python.

Vanquished Creatures
  2 gnolls
  An adder (D:2)
  2 dart slugs
  4 endoplasms
  4 giant cockroaches
  4 goblins
  3 hobgoblins
  5 jackals
  2 kobolds (D:1)
  6 ball pythons
  4 bats
  3 frilled lizards
  2 rats (D:2)
42 creatures vanquished.

Vanquished Creatures (others)
  119 foxfires
119 creatures vanquished.

Grand Total: 161 creatures vanquished

Notes
Turn   | Place    | Note
-------+----------+-------------------------------------------
     0 | D:1      | funkygono the Draconian Fire Elementalist began the quest
                  | for the Orb.
     0 | D:1      | Reached XP level 1. HP: 14/14 MP: 3/3
    73 | D:1      | Found a faded altar of an unknown god.
   354 | D:1      | Reached XP level 2. HP: 20/20 MP: 3/5
   563 | D:1      | You fall into a shaft and drop 1 floor!
  1052 | D:2      | Reached XP level 3. HP: 26/26 MP: 4/6
  1773 | D:2      | Learned a level 3 spell: Conjure Flame
  1844 | D:2      | Reached XP level 4. HP: 19/33 MP: 0/7
  2038 | D:3      | HP: 1/33 [jackal (1)]
  2039 | D:3      | Succumbed to an adder's poison

Illustrated notes

Levels and vault maps discovered:
D:1:      roderic_crossed_star, layout_rooms,
          shapermc_ecumenical_altar_starsandcircs
D:2:      minmay_recursive_quarters, layout_rooms
D:3:      layout_loops_ring, uniq_jessica

Skill      XL: |  1  2  3 |
---------------+----------+-----
Dodging        | 2 |  2.3
Stealth        | 2 |  2.2
Spellcasting   | |  2.3
Conjurations   | |  1.8
Fire Magic     | |  3.8

Action                   |  1- 3 |  4- 6 || total
-------------------------+-------+-------++-------
Melee: Club              |     3 |       ||     3
       Tailslap          |     2 |     1 ||     3
       Dagger            |     4 |       ||     4
       Whip              |       |     3 ||     3
 Cast: Foxfire           |    65 |     7 ||    72
  Use: Scroll            |     1 |       ||     1
 Stab: Distracted        |       |     1 ||     1
Armor: Skin              |    18 |    11 ||    29
Dodge: Dodged            |    30 |    12 ||    42

Table legend: (Time is in decaauts)
 A = Elapsed time spent in this place.
 B = Non-inter-level travel time spent in this place.
 C = Inter-level travel time spent in this place.
 D = Time resting spent in this place.
 E = Time spent auto-exploring this place.
 F = Levels seen in this place.
 G = Mean time per level.
                   A        B        C        D        E       F      G
               +--------+--------+--------+--------+--------+-----+--------+
         Total |   2038 |   1962 |     76 |    118 |   1495 |   3 |  679.3 |
       Dungeon |   2038 |   1962 |     76 |    118 |   1495 |   3 |  679.3 |
               +--------+--------+--------+--------+--------+-----+--------+

Top non-repeatable levels by time:
     D:2: 1031 daAuts
     D:1: 907 daAuts
     D:3: 99 daAuts
